 Dungeon Crawl Stone Soup version 0.25.0-33-gff14898491 (webtiles) character file.

Game seed: 8331460829137779862

68 Peloso the Skirmisher (level 4, 0/35 HPs)
             Began as a Demonspawn Fighter on July 7, 2020.
             Slain by an orc wizard
             ... wielding a +0 dagger
              (3 damage)
             ... on level 2 of the Dungeon.
             The game lasted 00:01:27 (1420 turns).

Peloso the Skirmisher (Demonspawn Fighter)          Turns: 1420, Time: 00:01:28

Health: 0/35       AC: 11    Str: 17    XL:     4   Next: 1%
Magic:  4/4        EV:  4    Int: 10    God:
Gold:   65         SH:  0    Dex: 12    Spells: 3/3 levels left

rFire    + . .     SeeInvis .   a - +0 long sword
rCold    x . .     Gourm    .   c - +0 kite shield
rNeg     . . .     Faith    .   p - +0 chain mail
rPois    .         Spirit   .   (no helmet)
rElec    .         Reflect  .   (no cloak)
rCorr    .         Harm     .   (no gloves)
MR       .....                  (no boots)
Stlth    ..........             (no amulet)
HPRegen  0.11/turn              k - ring of fire
MPRegen  0.09/turn              (no ring)

@: confused
A: thin metallic scales 1, spiny 1, rot immunity
a: no special abilities


You were on level 2 of the Dungeon.
You were not hungry.

You visited 1 branch of the dungeon, and saw 2 of its levels.

You collected 65 gold pieces.

Inventory:

Hand Weapons
 a - a +0 long sword (weapon)
Armour
 b - a +0 scale mail
 c - a +0 kite shield (worn)
 p - a +0 chain mail (worn)
Jewellery
 k - a ring of fire (left hand)
Scrolls
 e - a scroll of blinking {unknown}
 g - 2 scrolls of teleportation {unknown}
 h - a scroll of enchant weapon {unknown}
 j - a scroll of identify {unknown}
 l - a scroll of amnesia {unknown}
 o - a scroll of enchant armour {unknown}
 q - a scroll of remove curse {unknown}
Potions
 d - 2 potions of might
 i - 2 potions of lignification {unknown}
 m - a potion of haste {unknown}
Comestibles
 f - 4 rations
 n - 5 chunks of flesh


   Skills:
 + Level 3.4 Fighting
 + Level 2.3 Long Blades
 + Level 3.4 Armour
 + Level 0.2 Dodging
 + Level 3.1 Shields


You had 3 spell levels left.
You didn't know any spells.
Your spell library was empty.

Dungeon Overview and Level Annotations

Branches:
Dungeon (2/15)

Altars:


Innate Abilities, Weirdness & Mutations

You are partially covered in thin metallic scales. (AC +2)
You are partially covered in sharp spines.
You are immune to rotting.


Message History

You hit the orc priest.
The orc priest is heavily wounded.
The orc priest hits you but does no damage.
The orc priest hits you.
* * * LOW HITPOINT WARNING * * *
Your chain mail prevents you from hitting the orc priest.
The orc priest is heavily wounded.
The orc priest looks satisfied for a moment.
You slash the orc priest!
You kill the orc priest!
You have reached level 4!
You feel clever.
Your demonic ancestry asserts itself...
Sharp spines emerge from parts of your body.
A magic dart appears from out of thin air!
The magic dart hits you.
* * * LOW HITPOINT WARNING * * *
You hear some strange, mumbled words.
You are confused.
You bump into the rock wall.
Something hits you.
You die...

..$ .....
. ...
##.#..##
#l#
#.......
#.#
#....#.#
#S#
#......#
#S#
#.......
#.#
#.#.##.#
#.####
#.#.....
#SS.@#
#......#
####.#
###.####
#.#
######.#
#.#
#......#
#.#
#.######
#.######.#
#.....##.#
#####....#
######


You could see 2 adders.

Vanquished Creatures
  An orc priest (D:2)
  2 adders (D:2)
  A leopard gecko (D:1)
  An orc (D:2)
  4 bats
  2 giant cockroaches (D:2)
  4 goblins
  A hobgoblin (D:2)
  A frilled lizard (D:2)
  4 kobolds
  A rat (D:2)
22 creatures vanquished.

Notes
Turn   | Place    | Note
-------+----------+-------------------------------------------
     0 | D:1      | Peloso the Demonspawn Fighter began the quest for the Orb.
     0 | D:1      | Reached XP level 1. HP: 18/18 MP: 1/1
   412 | D:1      | Gained mutation: You are immune to rotting. [demonic
                  | ancestry]
   412 | D:1      | Reached XP level 2. HP: 21/24 MP: 2/2
  1344 | D:2      | Gained mutation: You are partially covered in thin metallic
                  | scales. (AC +2) [demonic ancestry]
  1344 | D:2      | Reached XP level 3. HP: 26/29 MP: 3/3
  1414 | D:2      | Gained mutation: You are partially covered in sharp spines.
                  | [demonic ancestry]
  1414 | D:2      | Reached XP level 4. HP: 8/35 MP: 4/4
  1420 | D:2      | Slain by an orc wizard

Illustrated notes

Levels and vault maps discovered:
D:1:      nicolae_arrival_somewhat_less_tricky_arrival, layout_loops_ring,
          serial_park_tiny_2
D:2:      layout_loops_cross

Skill      XL: |  1  2  3 |
---------------+----------+-----
Armour         | 3 |  3.4
Shields        | 3 |  3.1
Long Blades    | 2 |  2.3
Fighting       | |  3.4
Dodging        | |  0.2

Action                   |  1- 3 |  4- 6 || total
-------------------------+-------+-------++-------
Melee: Long sword        |    95 |       ||    95
  Eat: Chunk             |     2 |       ||     2
Armor: Scale mail        |    25 |       ||    25
       Chain mail        |    25 |       ||    25
Dodge: Dodged            |    24 |       ||    24
Block: Kite shield       |    45 |       ||    45
       Rpst.: Long sword |    12 |       ||    12
